 Dungeon Crawl Stone Soup version 0.19.1-1-g22dce08 (webtiles) character file.

233 Jynx the Gusty (level 5, -12/31 HPs)
             Began as a High Elf Air Elementalist on Jan 14, 2017.
             Mangled by an ogre
             ... wielding a +0 giant club
              (20 damage)
             ... on level 4 of the Dungeon.
             The game lasted 00:06:10 (2819 turns).

Jynx the Gusty (High Elf Air Elementalist)          Turns: 2819, Time: 00:06:11

Health: -12/31     AC:  6    Str:  8    XL:     5   Next: 74%
Magic:  3/11       EV: 13    Int: 18    God:
Gold:   145        SH:  0    Dex: 16    Spells: 4 memorised, 3 levels left

rFire  . . .     SeeInvis .     s - +0 falchion
rCold  . . .     Gourm    .     a - +1 robe
rNeg   . . .     Faith    .     (no shield)
rPois  .         Spirit   .     o - +0 helmet (curse)
rElec  .         Reflect  .     r - +0 cloak
rCorr  .         Harm     .     (no gloves)
MR     .....                    t - +0 pair of boots
Stlth  ++........               e - amulet of magic regeneration
                                (no ring)
                                (no ring)

@: very slightly contaminated, repel missiles
A: no striking features
a: no special abilities


You were on level 4 of the Dungeon.
You were not hungry.

You visited 1 branch of the dungeon, and saw 4 of its levels.

You collected 145 gold pieces.

Inventory:

Hand Weapons
 s - a +0 falchion (weapon)
Armour
 a - a +1 robe (worn)
 o - a cursed +0 helmet (worn)
 r - a +0 cloak (worn)
 t - a +0 pair of boots (worn)
Jewellery
 e - an amulet of magic regeneration (around neck)
Scrolls
 n - a scroll of teleportation
 v - a scroll of enchant armour
Potions
 d - a potion of agility {unknown}
 g - a potion of cure mutation {unknown}
 h - 2 potions of curing {unknown}
 k - 2 potions of lignification {unknown}
 l - a potion of brilliance {unknown}
 m - a potion of ambrosia {unknown}
 p - a potion of flight {unknown}
 q - a potion of magic {unknown}
Books
 b - a book of Air

   Spells                             Type                      Level
   a - Shock                          Conjuration/Air              1
   b - Swiftness                      Charms/Air                   2
   c - Repel Missiles                 Charms/Air                   2
   d - Static Discharge               Conjuration/Air              3
   e - Lightning Bolt                 Conjuration/Air              5
 i - a book of Necromancy

   Spells                             Type                      Level
   a - Pain                           Necromancy                   1
   b - Animate Skeleton               Necromancy                   1
   c - Vampiric Draining              Necromancy                   3
   d - Regeneration                   Charms/Necromancy            3
   e - Animate Dead                   Necromancy                   4
   f - Control Undead                 Necromancy                   4
Comestibles
 c - 2 bread rations
 f - a meat ration
 j - a beef jerky
 u - a chunk of flesh


   Skills:
 + Level 1.3 Long Blades
 - Level 2.1 Dodging
 - Level 2.1 Stealth
 + Level 3.7 Spellcasting
 + Level 3.1 Conjurations
 * Level 6.0 Air Magic


You had 3 spell levels left.
You knew the following spells:

 Your Spells              Type           Power        Failure   Level  Hunger
a - Shock                 Conj/Air       ###.         1%          1    None
b - Repel Missiles        Chrm/Air       ##....       10%         2    ##.....
c - Swiftness             Chrm/Air       ##......     10%         2    ##.....
d - Static Discharge      Conj/Air       ###.....     10%         3    ###....


Dungeon Overview and Level Annotations

Branches:
Dungeon (4/15)
 Temple: D:4-7

Altars:

Annotations:
D:4 Robin


Message History

Casting: Shock
Confirm with . or Enter, or press ? or * to list all spells.
Aiming: Shock
Press: ? - help, Shift-Dir - straight line, f/p - ogre
Aim: an ogre, wielding a giant club (severely wounded)
The zap hits the ogre.
The ogre is almost dead.
The ogre hits you with a giant club!!
Ouch! That really hurt!
* * * LOW HITPOINT WARNING * * *
Casting: Shock
Confirm with . or Enter, or press ? or * to list all spells.
Aiming: Shock
Press: ? - help, Shift-Dir - straight line, f/p - ogre
Aim: an ogre, wielding a giant club (almost dead)
The zap hits the ogre.
The ogre is almost dead.
The ogre hits you with a giant club!!
Ouch! That really hurt!
You die...

#...g.#
#####g######...
#.).(....).....
#)###.รท#####...
#.####.###
#.##.....# #
#.##.###.#
#.##O##.# .###.#
#..@....###>(...
####.##.....#.
#.####..##.# #.#
#.....#
#<####.###.##
#.............
######.###....
#.# ## #.#


You could see an ogre.

Vanquished Creatures
  An ogre (D:3)
  An orc priest (D:3)
  5 adders
  An ooze (D:2)
  A worm (D:3)
  3 orcs (D:3)
  2 ball pythons
  2 giant cockroaches
  17 goblins
  9 hobgoblins
  2 kobolds
  2 quokkas (D:2)
  6 bats
  5 frilled lizards
  A quokka zombie (D:3)
  12 rats
70 creatures vanquished.

Notes
Turn   | Place    | Note
-------+----------+-------------------------------------------
     0 | D:1      | Jynx the High Elf Air Elementalist began the quest for the Orb.
     0 | D:1      | Reached XP level 1. HP: 11/11 MP: 4/4
   365 | D:1      | Reached skill level 4 in Air Magic
   365 | D:1      | Reached XP level 2. HP: 17/17 MP: 4/6
  1141 | D:2      | Reached XP level 3. HP: 21/21 MP: 6/8
  1394 | D:2      | Reached skill level 5 in Air Magic
  1458 | D:2      | Reached XP level 4. HP: 21/27 MP: 6/9
  2088 | D:3      | Noticed an ogre
  2294 | D:3      | Killed an ogre
  2294 | D:3      | Reached skill level 1 in Long Blades
  2294 | D:3      | Reached XP level 5. HP: 30/31 MP: 2/11
  2327 | D:3      | Learned a level 2 spell: Repel Missiles
  2330 | D:3      | Learned a level 2 spell: Swiftness
  2334 | D:3      | Learned a level 3 spell: Static Discharge
  2626 | D:3      | Reached skill level 6 in Air Magic
  2799 | D:4      | Noticed an ogre
  2800 | D:4      | Noticed Robin
  2819 | D:4      | Mangled by an ogre

Skill      XL: |  1  2  3  4  5 |
---------------+----------------+-----
Air Magic      | 4 5 6 |  6.0
Spellcasting   | 3 |  3.7
Conjurations   | 2 3 |  3.1
Long Blades    | 1 |  1.3
Dodging        | |  2.1
Stealth        | |  2.1

Action                   |  1- 3 |  4- 6 || total
-------------------------+-------+-------++-------
Melee: Unarmed           |     7 |     3 ||    10
 Cast: Shock             |    84 |    73 ||   157
       Repel Missiles    |       |     1 ||     1
  Use: Scroll            |     3 |     7 ||    10
  Eat: Chunk             |     2 |     4 ||     6
Armor: Robe              |    10 |     1 ||    11
Dodge: Dodged            |    27 |     6 ||    33
       Deflected         |       |     2 ||     2
